 Dungeon Crawl Stone Soup version 0.31-a0-198-g2ad674f65e (webtiles) character file.

Game seed: 9997538687737347496

102 qw the Shooter (level 4, 0/25 HPs)
             Began as a Deep Elf Hunter on June 25, 2023.
             Slain by Robin
             ... wielding a +1 spectral club
              (5 damage)
             ... on level 3 of the Dungeon.
             The game lasted 00:00:33 (1009 turns).

qw the Shooter (Deep Elf Hunter)                    Turns: 1009, Time: 00:00:34

Health: 0/25       AC:  6    Str: 10    XL:     4   Next: 50%
Magic:  6/6        EV: 11    Int: 14    God:
Gold:   98         SH:  0    Dex: 18    Spells: 3/3 levels left

rFire   . . .        Y - +0 shortbow (freeze)
rCold   . . .        (shield currently unavailable)
rNeg    . . .        g - +0 ring mail
rPois   .            b - +0 helmet
rElec   .            (no cloak)
rCorr   .            (no gloves)
SInv    .            (no boots)
Will    .....        (no amulet)
Stlth   +            (no ring)
HPRegen 0.24/turn    (no ring)
MPRegen 0.10/turn

%: no passive effects
@: no status effects
A: no striking features
a: no special abilities


You were on level 3 of the Dungeon.
You visited 1 branch of the dungeon, and saw 3 of its levels.

You collected 98 gold pieces.


   Skills:
 - Level 1.5 Fighting
 + Level 7.9 Ranged Weapons
 - Level 2.4 Dodging
 - Level 1.2 Stealth


You had 3 spell levels left.
You didn't know any spells.
Your spell library was empty.

Inventory:

Hand Weapons
 Y - a +0 shortbow of freezing (weapon)
Armour
 b - a +0 helmet (worn)
 g - a +0 ring mail (worn)
Scrolls
 f - a scroll of identify
Potions
 d - a potion of might
 i - a potion of resistance

Dungeon Overview and Level Annotations

Branches:
Dungeon (3/15)

Altars:

Shops:
D:1 *

Annotations:
D:3 Robin


Message History

You kill the ball python!
Robin roars a battlecry!
The goblins go into a battle-frenzy!
The goblin closely misses you.
You shoot an arrow. The arrow hits the goblin.
The arrow freezes the goblin.
You kill the goblin!
You shoot an arrow. The arrow hits the goblin!
The arrow freezes the goblin.
You kill the goblin!
The hobgoblin hits you but does no damage.
The goblin barely misses you.
You shoot an arrow. The arrow closely misses the goblin. x2
The hobgoblin barely misses you. x2
You shoot an arrow. The arrow hits the goblin.
The arrow freezes the goblin.
You kill the goblin!
The hobgoblin barely misses you. The hobgoblin misses you.
You shoot an arrow. The arrow barely misses the goblin.
The arrow closely misses Robin.
The hobgoblin barely misses you. The goblin hits you but does no damage.
The hobgoblin closely misses you.
You shoot an arrow. The arrow hits the goblin.
The arrow freezes the goblin.
You kill the goblin!
The hobgoblin hits you but does no damage.
The hobgoblin misses you.
You shoot an arrow. The arrow hits Robin.
The arrow freezes Robin.
Robin is lightly wounded.
The hobgoblin barely misses you. Robin hits you but does no damage.
The +1 spectral club closely misses you.
The hobgoblin barely misses you.
A +1 spectral club comes into view.
You shoot an arrow. The arrow hits Robin.
The arrow freezes Robin.
Robin is moderately wounded.
The +1 spectral club hits you. The hobgoblin hits you.
The hobgoblin barely misses you. Robin hits you but does no damage.
The +1 spectral club hits you. x2; Robin hits you with a +1 spectral club.
The +1 spectral club misses you.
The hobgoblin hits you but does no damage. x2
You shoot an arrow. The arrow hits Robin!
The arrow freezes Robin.
Robin is severely wounded.
The +1 spectral club hits you. Robin hits you with a +1 spectral club.
You die...

+....<# #...
#....###### #...
+..%..#... #....
##.....#.###### ...).
#..............
......#.........#####
......#.####....#
......gg..%.....#
#...g@.#.#.#..#
#...#(.#......# #...
#.......#.# ##.
#.####..#.# .. #+#
#..#.# ## ##.# .#


You could see a +1 spectral club, Robin and 2 hobgoblins.

Vanquished Creatures
  Terence (D:2)
  2 adders
  A dart slug (D:1)
  2 endoplasms
  A giant cockroach (D:1)
  11 goblins
  5 hobgoblins
  3 jackals (D:2)
  3 quokkas
  10 ball pythons
  4 bats
  3 frilled lizards
  3 kobolds
  6 rats
55 creatures vanquished.

Notes
Turn   | Place    | Note
-------+----------+-------------------------------------------
     0 | D:1      | qw the Deep Elf Hunter began the quest for the Orb.
     0 | D:1      | Reached XP level 1. HP: 12/12 MP: 3/3
     0 | D:1      | 0 ||| qw: Version: 0.3-a-22-g0ed2b0b
     0 | D:1      | 0 ||| qw: Game counter: 5460
     0 | D:1      | 0 ||| qw: Melee chars always use a shield: true
     0 | D:1      | 0 ||| qw: God list: Okawaru
     0 | D:1      | 0 ||| qw: Allow faded altars: false
     0 | D:1      | 0 ||| qw: Do Orc after clearing Dungeon:15 true
     0 | D:1      | 0 ||| qw: Do second Lair branch before Depths: true
     0 | D:1      | 0 ||| qw: Lair rune preference: random
     0 | D:1      | 0 ||| qw: Goals: Normal
     0 | D:1      | 0 ||| PLANNING D:1-11
    12 | D:1      | Found Fazo's General Store.
    22 | D:1      | 22 ||| SHOPLISTING +7 scale mail of Ashenzari's Approval
                  | {*Corrode rF+ rC+ Will+++} (906 gold, have 0).
    22 | D:1      | 22 ||| SHOPLISTING potion of curing (33 gold, have 0).
    22 | D:1      | 22 ||| SHOPLISTING scroll of enchant armour (82 gold, have
                  | 0).
    62 | D:1      | Found a faded altar of an unknown god.
   129 | D:1      | Reached XP level 2. HP: 16/16 MP: 4/4
   133 | D:1      | Reached skill level 6 in Ranged Weapons
   564 | D:1      | 564 ||| UPGRADING to +0 ring mail.
   574 | D:1      | 574 ||| DROPPING +0 leather armour.
   575 | D:1      | 575 ||| READING scroll labelled USIMUTZ OD VOCVUBB.
   576 | D:1      | 576 ||| READING 5 scrolls labelled CEIPEO NAQO.
   577 | D:1      | 577 ||| READING 2 scrolls labelled OGUIHI FICAEWN.
   580 | D:1      | 580 ||| READING 4 scrolls of identify.
   580 | D:1      | 580 ||| IDENTIFYING yellow potion
   581 | D:1      | 581 ||| READING 3 scrolls of identify.
   581 | D:1      | 581 ||| IDENTIFYING amethyst potion
   582 | D:1      | 582 ||| DROPPING scroll of butterflies.
   612 | D:2      | 612 ||| STAIRDANCE
   615 | D:1      | Reached XP level 3. HP: 19/20 MP: 5/5
   636 | D:2      | Identified the +2 short sword of Conformity {heavy, rC+}
   659 | D:2      | Reached skill level 7 in Ranged Weapons
   743 | D:2      | Noticed Terence
   755 | D:2      | Killed Terence
   756 | D:2      | Reached XP level 4. HP: 8/25 MP: 6/6
   758 | D:2      | HP: 5/25 [jackal (2)]
   759 | D:2      | 759 ||| READING scroll of teleportation.
   929 | D:2      | 929 ||| UPGRADING to +0 helmet.
   934 | D:2      | 934 ||| READING scroll labelled WOXOLO NIEG.
   935 | D:2      | 935 ||| READING 2 scrolls of identify.
   935 | D:2      | 935 ||| IDENTIFYING glowing white potion
   936 | D:2      | 936 ||| DROPPING potion of degeneration.
   996 | D:3      | Noticed Robin
  1008 | D:3      | HP: 6/25 [Robin/+1 spectral club (5)]
  1009 | D:3      | Slain by Robin

Levels and vault maps discovered:
D:1:      lightli_arrival_maybe_door_vault, layout_loops_ring, serial_shops,
          shop, dreamdust_ecumenical_altar_statues, minmay_unequal
D:2:      layout_basic, uniq_terence
D:3:      layout_basic, nicolae_eternal_life, uniq_ijyb, uniq_robin

Skill      XL: |  1  2  3 |
---------------+----------+-----
Ranged Weapons | 6 7 |  7.9
Fighting       | |  1.5
Dodging        | |  2.4
Stealth        | |  1.2

Action                     |  1- 3 |  4- 6 || total
---------------------------+-------+-------++-------
   Fire: Shortbow          |    83 |    45 ||   128
    Use: Scroll            |     5 |     3 ||     8
 Armour: Leather armour    |     1 |       ||     1
         Ring mail         |    16 |    17 ||    33
  Dodge: Dodged            |    25 |    26 ||    51

Table legend:
 A = Non-vault XP
 B = Vault XP
 C = Vault XP percentage of total XP
 D = Non-vault monster count
 E = Vault monster count
 F = Vault count percentage of total count
                 A         B        C        D         E       F
            +---------+---------+-------+---------+---------+-------
      Total |      95 |      52 |  35.4 |      44 |      11 |  20.0
            +---------+---------+-------+---------+---------+-------
        D:1 |      44 |       2 |   4.3 |      19 |       2 |   9.5
        D:2 |      45 |      36 |  44.4 |      21 |       1 |   4.5
        D:3 |       6 |      14 |  70.0 |       4 |       8 |  66.7
            +---------+---------+-------+---------+---------+-------
